Punishers vs Monarchs
Created - 2 décembre 2013 at 18:57
Goals
|
| Punishers |
0 |
2 |
1 |
3 |
| Monarchs |
0 |
1 |
1 |
2 |
|
Shots
|
| Punishers |
7 |
12 |
12 |
31 |
| Monarchs |
9 |
9 |
6 |
24 |
|
1st period
No Goal
Penalties :
Adam Pineault (Pro) for Close Hand On Puck (Minor) at 8:26, Nate Prosser (MAN) for Hooking (Minor) at 12:10, Joe Vitale (Pro) for Holding (Minor) at 16:03
2nd period
1. Punishers , Tanner Glass 8 (Tom Gilbert, Adam McQuaid) at 9:31
2. Monarchs , Mikkel Boedker 7 (Sean Zimmerman, Jonathan Matsumoto) at 11:11
3. Punishers , Chris Conner 6 (Jimmie Olvestad) at 19:47 (SH)
Penalties :
Tommy Wingels (MAN) for Slashing (Minor) at 4:42, Jean-Luc Grand-Pierre (Pro) for Tripping (Minor) at 11:28, Tom Gilbert (Pro) for Slashing (Minor) at 18:10
3rd period
4. Punishers , Chris Conner 7 (Marc-André Bergeron) at 3:31 (PP)
5. Monarchs , Jason Chimera 9 (Jarret Stoll, Raphael Diaz) at 3:41
Penalties :
Michael Haley (MAN) for Hooking (Minor) at 2:49, Nate Prosser (MAN) for Hooking (Minor) at 5:39
Goalie Stats
Karri Ramo (Pro), 22 saves from 24 shots - (0,917), W, 10-5-2, 60:00 minutes
Michael Leighton (MAN), 28 saves from 31 shots - (0,903), L, 2-3-0, 60:00 minutes
Players Stats for Punishers
Player Name G A P +/- PIM S H SB GA TA FO MP PP MP PK MP
------------------------------------------------------------------------------------
Aaron Palushaj 0 0 0 1 0 1 3 0 0 0 0/0 9:16 0:00 0:00
Adam McQuaid 0 1 1 0 0 1 0 0 0 0 0/0 12:11 0:00 2:24
Adam Pineault 0 0 0 0 2 1 0 0 0 0 0/0 10:00 0:01 0:00
Alyn McCauley 0 0 0 -1 0 1 3 0 0 0 10/25 18:23 3:31 0:45
Brandon McMillan 0 0 0 1 0 0 1 0 0 0 1/3 9:16 0:00 0:00
Chris Conner 2 0 2 0 0 6 3 0 1 0 0/0 18:18 3:00 2:23
Jason Demers 0 0 0 -1 0 2 2 3 0 0 0/0 23:39 2:39 4:12
Jean-Luc Grand-Pierre 0 0 0 1 2 0 1 1 0 0 0/0 16:50 2:39 2:42
Jimmie Olvestad 0 1 1 0 0 2 0 0 0 1 2/3 17:56 3:00 3:06
Joe Vitale 0 0 0 0 2 2 2 0 1 1 0/5 10:23 0:00 0:29
John Mitchell 0 0 0 -1 0 1 0 0 0 0 4/8 14:47 3:00 0:00
Justin Falk 0 0 0 0 0 0 0 1 0 0 0/0 6:47 0:00 0:00
Kris Chucko 0 0 0 0 0 1 2 0 0 0 1/1 10:20 0:04 0:09
Lance Bouma 0 0 0 0 0 0 0 0 0 0 0/0 0:00 0:00 0:00
Marc-André Bergeron 0 1 1 0 0 2 0 0 0 0 0/0 16:13 4:00 0:00
Mark Fraser 0 0 0 1 0 0 1 0 0 0 0/0 13:21 0:00 3:44
Mike Grier 0 0 0 -1 0 0 1 0 0 0 1/4 21:11 3:35 4:32
Mike Weber 0 0 0 0 0 0 0 0 0 0 0/0 6:47 0:00 0:00
Tanner Glass 1 0 1 1 0 3 3 2 0 0 0/0 9:51 0:11 0:00
Tom Gilbert 0 1 1 -1 2 5 1 0 0 1 0/0 24:25 4:00 2:50
Viktor Stalberg 0 0 0 -1 0 3 1 0 0 2 4/5 22:06 3:35 4:28
Players Stats for Monarchs
Player Name G A P +/- PIM S H SB GA TA FO MP PP MP PK MP
------------------------------------------------------------------------------------
Alec Martinez 0 0 0 0 0 0 0 0 0 1 0/0 8:09 0:00 0:00
Carl Hagelin 0 0 0 0 0 2 0 0 0 1 0/0 10:23 3:17 0:00
Chris Clark 0 0 0 1 0 0 3 0 0 0 0/1 18:32 3:17 3:28
Colby Robak 0 0 0 0 0 0 0 0 0 0 0/0 10:10 0:00 1:45
Denis Hamel 0 0 0 -1 0 1 2 2 0 0 0/0 11:31 0:02 1:34
Jamie McGinn 0 0 0 0 0 0 2 0 0 0 0/0 7:06 0:00 0:00
Jarret Stoll 0 1 1 0 0 2 2 1 0 0 3/3 22:51 4:37 1:37
Jason Chimera 1 0 1 1 0 5 2 0 1 0 2/2 17:00 0:02 1:37
Jonathan Matsumoto 0 1 1 1 0 2 6 0 2 0 4/6 16:43 3:17 1:34
Kevin Marshall 0 0 0 -1 0 0 0 2 0 0 0/0 8:13 0:00 3:00
Maxime Macenauer 0 0 0 0 0 0 3 0 0 0 2/5 10:34 0:00 3:28
Michael Haley 0 0 0 -1 2 0 6 1 0 0 0/0 9:48 0:00 0:00
Mikkel Boedker 1 0 1 0 0 3 0 1 0 0 1/2 17:41 4:37 0:00
Nate Prosser 0 0 0 0 4 0 1 1 2 0 0/0 17:21 2:51 1:01
Patrik Berglund 0 0 0 0 0 4 1 1 0 0 16/30 21:14 4:37 0:00
Raphael Diaz 0 1 1 2 0 0 1 2 0 0 0/0 20:27 2:51 0:14
Sean Zimmerman 0 1 1 1 0 2 2 4 0 0 0/0 27:17 5:05 3:39
Slava Voynov 0 0 0 -2 0 1 0 0 0 0 0/0 11:09 5:05 0:00
Tommy Wingels 0 0 0 -1 2 2 1 0 0 0 3/5 9:55 0:02 0:00
Travis Hamonic 0 0 0 0 0 0 0 1 0 0 0/0 17:13 0:00 3:39
3 Stars
1 - Chris Conner (Pro)
2 - Tanner Glass (Pro)
3 - Jonathan Matsumoto (MAN)
Power Play
Punishers - 1 on 4 Attempt(s) - 25,00%
Monarchs - 0 on 4 Attempt(s) - 0,00%
Penalty Kill
Punishers - 4 on 4 Attempt(s) - 100,00%
- Score 1 goal in Penalty Kill
Monarchs - 3 on 4 Attempt(s) - 75,00%
- Score 0 goal in Penalty Kill
Official
Referees : Leggo Mike and Peel Tim
Linesman : Steve Barton and Jay Sharrers
Game Notes
No Game Note
Finance
Level 1 -- Attendance: 1611 (80,55%) -- Ticket Income 56 385 $
Level 2 -- Attendance: 770 (77,00%) -- Ticket Income 11 550 $
Total Attendance: 2381 (79,37%)
Total Ticket Income: 67 935 $
Other Income: 3 397 $
Total Income: 71 332 $
Punishers
5 vs 5 Forward
Center Left Wing Right Wing Time % Phy DF OF
1 Alyn McCauley Viktor Stalberg Mike Grier 40 1 2 2
2 John Mitchell Jimmie Olvestad Chris Conner 30 1 2 2
3 Joe Vitale Kris Chucko Adam Pineault 20 1 2 2
4 Brandon McMillan Tanner Glass Aaron Palushaj 10 1 2 2
5 vs 5 Defense
Defense Defense Time % Phy DF OF
1 Jason Demers Tom Gilbert 40 1 2 2
2 Marc-André Bergeron Jean-Luc Grand-Pierre 30 1 2 2
3 Mark Fraser Adam McQuaid 20 1 2 2
4 Justin Falk Mike Weber 10 1 2 2
PowerPlay Forward
Center Left Wing Right Wing Time % Phy DF OF
1 Alyn McCauley Viktor Stalberg Mike Grier 60 1 2 2
2 John Mitchell Jimmie Olvestad Chris Conner 40 1 2 2
PowerPlay Defense
Defense Defense Time % Phy DF OF
1 Tom Gilbert Marc-André Bergeron 60 1 2 2
2 Jason Demers Jean-Luc Grand-Pierre 40 1 2 2
Penalty Kill 4 Players Forward
Center Wing Time % Phy DF OF
1 Viktor Stalberg Mike Grier 60 1 2 2
2 Jimmie Olvestad Chris Conner 40 1 2 2
Penalty Kill 4 Players Defense
Defense Defense Time % Phy DF OF
1 Jason Demers Tom Gilbert 60 1 2 2
2 Mark Fraser Jean-Luc Grand-Pierre 40 1 2 2
Penalty Kill - 3 Players Forward
Forward Time % Phy DF OF
1 Viktor Stalberg 60 1 2 2
2 Alyn McCauley 40 1 2 2
Penalty Kill - 3 Players Defense
Defense Defense Time % Phy DF OF
1 Mark Fraser Jean-Luc Grand-Pierre 60 1 2 2
2 Jason Demers Marc-André Bergeron 40 1 2 2
4 vs 4 Forward
Center Wing Time % Phy DF OF
1 Viktor Stalberg Mike Grier 60 1 2 2
2 Jimmie Olvestad Alyn McCauley 40 1 2 2
4 vs 4 Defense
Defense Defense Time % Phy DF OF
1 Tom Gilbert Marc-André Bergeron 60 1 2 2
2 Jason Demers Jean-Luc Grand-Pierre 40 1 2 2
Last Minutes Offensive
Center Left Wing Right Wing Defense Defense
Alyn McCauley Viktor Stalberg Chris Conner Tom Gilbert Marc-André Bergeron
Last Minutes Defensive
Center Left Wing Right Wing Defense Defense
Alyn McCauley Viktor Stalberg Chris Conner Jason Demers Tom Gilbert
Goaltenders
Starting : Karri Ramo
Backup : Curtis McElhinney
Extra Forwards
Normal : Tanner Glass, Kris Chucko, Joe Vitale - PP : Tanner Glass, Kris Chucko - PK : Joe Vitale
Extra Defensemen
Normal : Mark Fraser, Adam McQuaid, Justin Falk - PP : Mark Fraser - PK : Adam McQuaid, Justin Falk
Penalty Shots
Viktor Stalberg, Alyn McCauley, Jimmie Olvestad, Chris Conner, John Mitchell
Monarchs
5 vs 5 Forward
Center Left Wing Right Wing Time % Phy DF OF
1 Patrik Berglund Jason Chimera Jarret Stoll 45 1 1 3
2 Jonathan Matsumoto Chris Clark Mikkel Boedker 30 1 2 2
3 Tommy Wingels Michael Haley Denis Hamel 15 2 1 2
4 Maxime Macenauer Jamie McGinn Carl Hagelin 10 1 2 2
5 vs 5 Defense
Defense Defense Time % Phy DF OF
1 Sean Zimmerman Raphael Diaz 40 1 2 2
2 Nate Prosser Travis Hamonic 30 1 2 2
3 Alec Martinez Colby Robak 20 1 2 2
4 Slava Voynov Kevin Marshall 10 1 3 1
PowerPlay Forward
Center Left Wing Right Wing Time % Phy DF OF
1 Patrik Berglund Jarret Stoll Mikkel Boedker 70 1 1 3
2 Jonathan Matsumoto Carl Hagelin Chris Clark 30 1 1 3
PowerPlay Defense
Defense Defense Time % Phy DF OF
1 Sean Zimmerman Slava Voynov 70 0 2 3
2 Raphael Diaz Nate Prosser 30 0 2 3
Penalty Kill 4 Players Forward
Center Wing Time % Phy DF OF
1 Maxime Macenauer Chris Clark 60 1 3 1
2 Jarret Stoll Jason Chimera 40 2 3 0
Penalty Kill 4 Players Defense
Defense Defense Time % Phy DF OF
1 Travis Hamonic Sean Zimmerman 60 2 3 0
2 Kevin Marshall Nate Prosser 40 2 3 0
Penalty Kill - 3 Players Forward
Forward Time % Phy DF OF
1 Jarret Stoll 60 1 3 1
2 Maxime Macenauer 40 1 3 1
Penalty Kill - 3 Players Defense
Defense Defense Time % Phy DF OF
1 Travis Hamonic Sean Zimmerman 60 2 3 0
2 Nate Prosser Alec Martinez 40 2 3 0
4 vs 4 Forward
Center Wing Time % Phy DF OF
1 Jarret Stoll Mikkel Boedker 60 1 2 2
2 Patrik Berglund Chris Clark 40 1 2 2
4 vs 4 Defense
Defense Defense Time % Phy DF OF
1 Sean Zimmerman Nate Prosser 60 1 2 2
2 Raphael Diaz Alec Martinez 40 1 2 2
Last Minutes Offensive
Center Left Wing Right Wing Defense Defense
Patrik Berglund Jarret Stoll Mikkel Boedker Sean Zimmerman Raphael Diaz
Last Minutes Defensive
Center Left Wing Right Wing Defense Defense
Jarret Stoll Jason Chimera Chris Clark Travis Hamonic Sean Zimmerman
Goaltenders
Starting : Michael Leighton
Backup : Braden Holtby
Extra Forwards
Normal : Patrik Berglund, Mikkel Boedker, Jarret Stoll - PP : Tommy Wingels, Carl Hagelin - PK : Jonathan Matsumoto
Extra Defensemen
Normal : Travis Hamonic, Kevin Marshall, Slava Voynov - PP : Travis Hamonic - PK : Colby Robak, Raphael Diaz
Penalty Shots
Patrik Berglund, Mikkel Boedker, Jarret Stoll, Michael Haley, Chris Clark
% Time on Ice - Punishers
Lines # - Real PCT - Wanted PCT - Time Play
Normal Forward
1 - 30% - 40% - 13:14
2 - 27% - 30% - 12:04
3 - 22% - 20% - 9:43
4 - 21% - 10% - 9:16
Normal Defense
1 - 37% - 40% - 16:35
2 - 28% - 30% - 12:15
3 - 20% - 20% - 8:40
4 - 15% - 10% - 6:47
PP Forward
1 - 55% - 60% - 3:38
2 - 45% - 40% - 3:01
PP Defense
1 - 60% - 60% - 4:00
2 - 40% - 40% - 2:39
PK Forward
1 - 70% - 60% - 5:33
2 - 30% - 40% - 2:23
PK Defense
1 - 53% - 60% - 4:12
2 - 47% - 40% - 3:44
PK3 Forward
1 - 0% - 60%
2 - 0% - 40%
PK3 Defense
1 - 0% - 60%
2 - 0% - 40%
44 Forward
1 - 0% - 60%
2 - 0% - 40%
44 Defense
1 - 0% - 60%
2 - 0% - 40%
Last Minute Offensive - 0:00
Last Minute Defensive - 1:08
Total
Forward - 60:00
Defense - 60:00
|
% Time on Ice - Monarchs
Lines # - Real PCT - Wanted PCT - Time Play
Normal Forward
1 - 35% - 45% - 15:38
2 - 27% - 30% - 11:47
3 - 22% - 15% - 9:49
4 - 16% - 10% - 7:06
Normal Defense
1 - 39% - 40% - 17:28
2 - 31% - 30% - 13:47
3 - 18% - 20% - 8:09
4 - 11% - 10% - 4:56
PP Forward
1 - 59% - 70% - 4:39
2 - 41% - 30% - 3:17
PP Defense
1 - 64% - 70% - 5:05
2 - 36% - 30% - 2:51
PK Forward
1 - 76% - 60% - 5:02
2 - 24% - 40% - 1:37
PK Defense
1 - 55% - 60% - 3:39
2 - 45% - 40% - 3:00
PK3 Forward
1 - 0% - 60%
2 - 0% - 40%
PK3 Defense
1 - 0% - 60%
2 - 0% - 40%
44 Forward
1 - 0% - 60%
2 - 0% - 40%
44 Defense
1 - 0% - 60%
2 - 0% - 40%
Last Minute Offensive - 1:05
Last Minute Defensive - 0:00
Total
Forward - 60:00
Defense - 60:00
|
Play by Play
1st period
0:01 of 1st period - Patrik Berglund wins face-off versus Alyn McCauley in neutral zone.
0:36 of 1st period - Jason Demers is hit by Chris Clark and loses puck.
0:51 of 1st period - Adam Pineault is hit by Michael Haley and loses puck.
1:53 of 1st period - Snap shot by Jonathan Matsumoto.
1:53 of 1st period - Shot Misses the Net.
1:56 of 1st period - Icing by John Mitchell.
1:57 of 1st period - Jonathan Matsumoto wins face-off versus John Mitchell in Punishers zone.
2:26 of 1st period - Snap shot by Mike Grier.
2:26 of 1st period - Deflect By Viktor Stalberg.
2:26 of 1st period - Shot Blocked by Sean Zimmerman.
2:26 of 1st period - Puck is out of play.
2:27 of 1st period - Alyn McCauley wins face-off versus Patrik Berglund in Monarchs zone.
2:36 of 1st period - Slapshot by Viktor Stalberg.
2:36 of 1st period - Stopped by Michael Leighton without a rebound.
2:37 of 1st period - Patrik Berglund wins face-off versus Joe Vitale in Monarchs zone.
3:28 of 1st period - Sean Zimmerman is hit by Brandon McMillan and loses puck.
3:43 of 1st period - Jimmie Olvestad is hit by Maxime Macenauer.
4:06 of 1st period - Jarret Stoll is hit by Kris Chucko and loses puck.
5:13 of 1st period - Slapshot by Patrik Berglund.
5:13 of 1st period - Stopped by Karri Ramo without a rebound.
5:14 of 1st period - Jason Chimera wins face-off versus Jimmie Olvestad in Punishers zone.
5:15 of 1st period - Wrist shot by Patrik Berglund.
5:15 of 1st period - Stopped by Karri Ramo without a rebound.
5:16 of 1st period - John Mitchell wins face-off versus Patrik Berglund in Punishers zone.
5:35 of 1st period - Wrist shot by Chris Conner.
5:35 of 1st period - Shot Misses the Net.
5:41 of 1st period - Slapshot by Jimmie Olvestad.
5:41 of 1st period - Shot Misses the Net.
5:43 of 1st period - Wrist shot by Chris Conner.
5:43 of 1st period - Shot Misses the Net.
5:45 of 1st period - Snap shot by Jimmie Olvestad.
5:45 of 1st period - Shot Misses the Net.
5:47 of 1st period - Slapshot by Tom Gilbert.
5:47 of 1st period - Stopped by Michael Leighton with a rebound.
5:49 of 1st period - Slapshot by Tom Gilbert.
5:49 of 1st period - Stopped by Michael Leighton with a rebound.
5:53 of 1st period - Slapshot by Jimmie Olvestad.
5:53 of 1st period - Shot Misses the Net.
5:55 of 1st period - Wrist shot by Jimmie Olvestad.
5:55 of 1st period - Deflect By Jason Chimera.
5:55 of 1st period - Shot Misses the Net.
5:55 of 1st period - Puck is out of play.
5:56 of 1st period - Mikkel Boedker wins face-off versus Alyn McCauley in Monarchs zone.
6:09 of 1st period - Snap shot by Jonathan Matsumoto.
6:09 of 1st period - Stopped by Karri Ramo without a rebound.
6:10 of 1st period - Alyn McCauley wins face-off versus Tommy Wingels in Punishers zone.
6:15 of 1st period - Tom Gilbert is hit by Michael Haley and loses puck.
8:15 of 1st period - Snap shot by Jimmie Olvestad.
8:15 of 1st period - Stopped by Michael Leighton without a rebound.
8:16 of 1st period - Jonathan Matsumoto wins face-off versus Joe Vitale in Monarchs zone.
8:26 of 1st period - Minor Penalty to Adam Pineault for Close Hand On Puck.
8:27 of 1st period - Viktor Stalberg wins face-off versus Patrik Berglund in Punishers zone.
10:26 of 1st period - Penalty to Adam Pineault is over, Adam Pineault is back on ice.
10:40 of 1st period - Slapshot by Tanner Glass.
10:40 of 1st period - Shot Blocked by Sean Zimmerman.
10:42 of 1st period - Snap shot by Aaron Palushaj.
10:42 of 1st period - Deflect By Tanner Glass.
10:42 of 1st period - Shot Misses the Net.
10:42 of 1st period - Puck is out of play.
10:43 of 1st period - Tommy Wingels wins face-off versus Joe Vitale in Monarchs zone.
10:43 of 1st period - Tommy Wingels is hit by Joe Vitale.
11:14 of 1st period - Slapshot by Alec Martinez.
11:14 of 1st period - Shot Blocked by Jason Demers.
12:02 of 1st period - Michael Haley is hit by Joe Vitale and loses puck.
12:07 of 1st period - Snap shot by Adam Pineault.
12:07 of 1st period - Shot Blocked by Denis Hamel.
12:10 of 1st period - Minor Penalty to Nate Prosser for Hooking.
12:11 of 1st period - Alyn McCauley wins face-off versus Maxime Macenauer in Monarchs zone.
12:16 of 1st period - Snap shot by Viktor Stalberg.
12:16 of 1st period - Shot Misses the Net.
14:10 of 1st period - Penalty to Nate Prosser is over, Nate Prosser is back on ice.
14:23 of 1st period - Wrist shot by Patrik Berglund.
14:23 of 1st period - Stopped by Karri Ramo with a rebound.
14:50 of 1st period - Snap shot by Sean Zimmerman.
14:50 of 1st period - Stopped by Karri Ramo with a rebound.
14:52 of 1st period - Slapshot by Sean Zimmerman.
14:52 of 1st period - Stopped by Karri Ramo with a rebound.
14:54 of 1st period - Slapshot by Sean Zimmerman.
14:54 of 1st period - Shot Blocked by Tanner Glass.
15:10 of 1st period - Viktor Stalberg is hit by Maxime Macenauer and loses puck.
15:15 of 1st period - Wrist shot by Carl Hagelin.
15:15 of 1st period - Stopped by Karri Ramo without a rebound.
15:16 of 1st period - Maxime Macenauer wins face-off versus Alyn McCauley in Punishers zone.
15:19 of 1st period - Slapshot by Carl Hagelin.
15:19 of 1st period - Stopped by Karri Ramo without a rebound.
15:20 of 1st period - Patrik Berglund wins face-off versus John Mitchell in Punishers zone.
15:27 of 1st period - Patrik Berglund is hit by Jean-Luc Grand-Pierre.
15:45 of 1st period - Chris Clark is hit by Viktor Stalberg and loses puck.
16:03 of 1st period - Minor Penalty to Joe Vitale for Holding.
16:04 of 1st period - Jarret Stoll wins face-off versus Viktor Stalberg in Punishers zone.
16:05 of 1st period - Slapshot by Mikkel Boedker.
16:05 of 1st period - Shot Blocked by Jason Demers.
16:19 of 1st period - Viktor Stalberg is hit by Jarret Stoll and loses puck.
18:03 of 1st period - Penalty to Joe Vitale is over, Joe Vitale is back on ice.
18:11 of 1st period - Snap shot by Denis Hamel.
18:11 of 1st period - Stopped by Karri Ramo without a rebound.
18:12 of 1st period - Tommy Wingels wins face-off versus Joe Vitale in Punishers zone.
18:19 of 1st period - Wrist shot by Joe Vitale.
18:19 of 1st period - Stopped by Michael Leighton without a rebound.
18:20 of 1st period - Kris Chucko wins face-off versus Patrik Berglund in Monarchs zone.
18:55 of 1st period - Slapshot by Jonathan Matsumoto.
18:55 of 1st period - Shot Blocked by Tanner Glass.
19:29 of 1st period - Slapshot by Mike Grier.
19:29 of 1st period - Shot Misses the Net.
19:31 of 1st period - Snap shot by Viktor Stalberg.
19:31 of 1st period - Shot Misses the Net.
19:33 of 1st period - Slapshot by Tom Gilbert.
19:33 of 1st period - Stopped by Michael Leighton with a rebound.
19:35 of 1st period - Wrist shot by Viktor Stalberg.
19:35 of 1st period - Stopped by Michael Leighton with a rebound.
2nd period
0:01 of 2nd period - Alyn McCauley wins face-off versus Patrik Berglund in neutral zone.
0:32 of 2nd period - Snap shot by Chris Conner.
0:32 of 2nd period - Stopped by Michael Leighton with a rebound.
0:55 of 2nd period - Slapshot by Marc-André Bergeron.
0:55 of 2nd period - Stopped by Michael Leighton with a rebound.
0:57 of 2nd period - Slapshot by Tanner Glass.
0:57 of 2nd period - Stopped by Michael Leighton with a rebound.
1:05 of 2nd period - Carl Hagelin is hit by Aaron Palushaj and loses puck.
1:27 of 2nd period - Snap shot by Joe Vitale.
1:27 of 2nd period - Shot Blocked by Raphael Diaz.
1:29 of 2nd period - Slapshot by Marc-André Bergeron.
1:29 of 2nd period - Shot Misses the Net.
2:01 of 2nd period - Snap shot by Chris Conner.
2:01 of 2nd period - Shot Misses the Net.
2:21 of 2nd period - Michael Haley is hit by Tanner Glass and loses puck.
2:48 of 2nd period - Snap shot by Adam Pineault.
2:48 of 2nd period - Stopped by Michael Leighton with a rebound.
3:00 of 2nd period - Jonathan Matsumoto is hit by Alyn McCauley and loses puck.
3:21 of 2nd period - Chris Conner is hit by Michael Haley.
3:45 of 2nd period - Marc-André Bergeron is hit by Jamie McGinn and loses puck.
3:50 of 2nd period - Backhand shot by Adam Pineault.
3:50 of 2nd period - Shot Misses the Net.
4:10 of 2nd period - Wrist shot by Jimmie Olvestad.
4:10 of 2nd period - Shot Misses the Net.
4:12 of 2nd period - Slapshot by Jean-Luc Grand-Pierre.
4:12 of 2nd period - Shot Blocked by Kevin Marshall.
4:14 of 2nd period - Slapshot by Chris Conner.
4:14 of 2nd period - Deflect By Jimmie Olvestad.
4:14 of 2nd period - Stopped by Michael Leighton without a rebound.
4:15 of 2nd period - Patrik Berglund wins face-off versus Alyn McCauley in Monarchs zone.
4:30 of 2nd period - Snap shot by Patrik Berglund.
4:30 of 2nd period - Shot Misses the Net.
4:40 of 2nd period - Viktor Stalberg is hit by Michael Haley and loses puck.
4:42 of 2nd period - Minor Penalty to Tommy Wingels for Slashing.
4:43 of 2nd period - Alyn McCauley wins face-off versus Maxime Macenauer in Monarchs zone.
5:16 of 2nd period - Snap shot by Chris Conner.
5:16 of 2nd period - Stopped by Michael Leighton with a rebound.
6:01 of 2nd period - Jimmie Olvestad is hit by Jason Chimera and loses puck.
6:14 of 2nd period - Alyn McCauley is hit by Jonathan Matsumoto and loses puck.
6:19 of 2nd period - Snap shot by Jonathan Matsumoto.
6:19 of 2nd period - Stopped by Karri Ramo without a rebound.
6:20 of 2nd period - Alyn McCauley wins face-off versus Jonathan Matsumoto in Punishers zone.
6:42 of 2nd period - Penalty to Tommy Wingels is over, Tommy Wingels is back on ice.
6:53 of 2nd period - Backhand shot by Adam Pineault.
6:53 of 2nd period - Shot Misses the Net.
7:01 of 2nd period - Marc-André Bergeron is hit by Patrik Berglund and loses puck.
7:22 of 2nd period - Slapshot by Tanner Glass.
7:22 of 2nd period - Deflect By Aaron Palushaj.
7:22 of 2nd period - Stopped by Michael Leighton without a rebound.
7:23 of 2nd period - Patrik Berglund wins face-off versus Alyn McCauley in Monarchs zone.
7:23 of 2nd period - Patrik Berglund is hit by Mark Fraser.
7:49 of 2nd period - Jimmie Olvestad is hit by Sean Zimmerman and loses puck.
8:12 of 2nd period - Adam Pineault is hit by Denis Hamel and loses puck.
8:39 of 2nd period - Snap shot by Mike Grier.
8:39 of 2nd period - Shot Misses the Net.
8:50 of 2nd period - Off-side.
8:51 of 2nd period - Brandon McMillan wins face-off versus Patrik Berglund in neutral zone.
9:29 of 2nd period - Slapshot by Tom Gilbert.
9:29 of 2nd period - Shot Blocked by Kevin Marshall.
9:31 of 2nd period - Slapshot by Tanner Glass.
9:31 of 2nd period - Goal by Tanner Glass - Punishers : 1 - Monarchs : 0.
9:32 of 2nd period - Alyn McCauley wins face-off versus Patrik Berglund in neutral zone.
9:37 of 2nd period - Slapshot by Viktor Stalberg.
9:37 of 2nd period - Shot Misses the Net.
9:42 of 2nd period - Off-side.
9:43 of 2nd period - Patrik Berglund wins face-off versus Alyn McCauley in neutral zone.
9:59 of 2nd period - Patrik Berglund is hit by Jason Demers and loses puck.
10:10 of 2nd period - Chris Conner is hit by Raphael Diaz and loses puck.
10:15 of 2nd period - Wrist shot by Mikkel Boedker.
10:15 of 2nd period - Stopped by Karri Ramo with a rebound.
10:17 of 2nd period - Wrist shot by Chris Clark.
10:17 of 2nd period - Deflect By Mikkel Boedker.
10:17 of 2nd period - Stopped by Karri Ramo without a rebound.
10:18 of 2nd period - John Mitchell wins face-off versus Jonathan Matsumoto in Punishers zone.
10:26 of 2nd period - Icing by Jean-Luc Grand-Pierre.
10:27 of 2nd period - John Mitchell wins face-off versus Chris Clark in Punishers zone.
10:33 of 2nd period - Off-side.
10:34 of 2nd period - Patrik Berglund wins face-off versus Alyn McCauley in neutral zone.
11:11 of 2nd period - Wrist shot by Mikkel Boedker.
11:11 of 2nd period - Goal by Mikkel Boedker - Punishers : 1 - Monarchs : 1.
11:12 of 2nd period - Patrik Berglund wins face-off versus Alyn McCauley in neutral zone.
11:15 of 2nd period - Backhand shot by Jason Chimera.
11:15 of 2nd period - Stopped by Karri Ramo without a rebound.
11:16 of 2nd period - Jarret Stoll wins face-off versus Mike Grier in Punishers zone.
11:23 of 2nd period - Slapshot by Jason Chimera.
11:23 of 2nd period - Deflect By Jarret Stoll.
11:23 of 2nd period - Stopped by Karri Ramo without a rebound.
11:24 of 2nd period - Jason Chimera wins face-off versus Alyn McCauley in Punishers zone.
11:28 of 2nd period - Minor Penalty to Jean-Luc Grand-Pierre for Tripping.
11:29 of 2nd period - Mike Grier wins face-off versus Patrik Berglund in Punishers zone.
12:25 of 2nd period - Viktor Stalberg is hit by Jonathan Matsumoto and loses puck.
12:37 of 2nd period - Icing by Mikkel Boedker.
12:38 of 2nd period - Jimmie Olvestad wins face-off versus Patrik Berglund in Monarchs zone.
12:41 of 2nd period - Snap shot by Chris Conner.
12:41 of 2nd period - Stopped by Michael Leighton with a rebound.
12:49 of 2nd period - Jimmie Olvestad is hit by Chris Clark.
12:53 of 2nd period - Chris Conner is hit by Nate Prosser and loses puck.
13:28 of 2nd period - Penalty to Jean-Luc Grand-Pierre is over, Jean-Luc Grand-Pierre is back on ice.
14:14 of 2nd period - Mark Fraser is hit by Chris Clark and loses puck.
14:26 of 2nd period - Icing by Tom Gilbert.
14:27 of 2nd period - John Mitchell wins face-off versus Tommy Wingels in Punishers zone.
14:32 of 2nd period - Wrist shot by John Mitchell.
14:32 of 2nd period - Stopped by Michael Leighton with a rebound.
14:34 of 2nd period - Backhand shot by Tom Gilbert.
14:34 of 2nd period - Shot Misses the Net.
14:36 of 2nd period - Snap shot by Jimmie Olvestad.
14:36 of 2nd period - Shot Misses the Net.
14:38 of 2nd period - Wrist shot by John Mitchell.
14:38 of 2nd period - Shot Blocked by Michael Haley.
14:40 of 2nd period - Slapshot by Jason Demers.
14:40 of 2nd period - Deflect By John Mitchell.
14:40 of 2nd period - Shot Misses the Net.
14:40 of 2nd period - Puck is out of play.
14:41 of 2nd period - Patrik Berglund wins face-off versus Alyn McCauley in Monarchs zone.
14:41 of 2nd period - Patrik Berglund is hit by Tom Gilbert.
14:57 of 2nd period - Snap shot by Mike Grier.
14:57 of 2nd period - Shot Blocked by Sean Zimmerman.
15:07 of 2nd period - John Mitchell is hit by Jonathan Matsumoto and loses puck.
15:46 of 2nd period - Slapshot by Tom Gilbert.
15:46 of 2nd period - Shot Blocked by Denis Hamel.
15:48 of 2nd period - Slapshot by Adam Pineault.
15:48 of 2nd period - Shot Misses the Net.
16:00 of 2nd period - Snap shot by Mike Grier.
16:00 of 2nd period - Shot Blocked by Nate Prosser.
16:46 of 2nd period - Slapshot by Kris Chucko.
16:46 of 2nd period - Stopped by Michael Leighton without a rebound.
16:47 of 2nd period - Patrik Berglund wins face-off versus Mike Grier in Monarchs zone.
17:36 of 2nd period - Backhand shot by Tanner Glass.
17:36 of 2nd period - Shot Misses the Net.
17:51 of 2nd period - Icing by Marc-André Bergeron.
17:52 of 2nd period - Patrik Berglund wins face-off versus Brandon McMillan in Punishers zone.
17:59 of 2nd period - Snap shot by Patrik Berglund.
17:59 of 2nd period - Stopped by Karri Ramo without a rebound.
18:00 of 2nd period - Patrik Berglund wins face-off versus Alyn McCauley in Punishers zone.
18:01 of 2nd period - Backhand shot by Jason Chimera.
18:01 of 2nd period - Stopped by Karri Ramo without a rebound.
18:02 of 2nd period - Patrik Berglund wins face-off versus Mike Grier in Punishers zone.
18:03 of 2nd period - Snap shot by Jason Chimera.
18:03 of 2nd period - Stopped by Karri Ramo without a rebound.
18:04 of 2nd period - Jarret Stoll wins face-off versus Alyn McCauley in Punishers zone.
18:07 of 2nd period - Snap shot by Patrik Berglund.
18:07 of 2nd period - Shot Blocked by Jason Demers.
18:10 of 2nd period - Minor Penalty to Tom Gilbert for Slashing.
18:11 of 2nd period - Viktor Stalberg wins face-off versus Patrik Berglund in Punishers zone.
18:16 of 2nd period - Slapshot by Mike Grier.
18:16 of 2nd period - Shot Misses the Net.
19:41 of 2nd period - Icing by Slava Voynov.
19:42 of 2nd period - Jimmie Olvestad wins face-off versus Patrik Berglund in Monarchs zone.
19:47 of 2nd period - Snap shot by Chris Conner.
19:47 of 2nd period - Goal by Chris Conner - Punishers : 2 - Monarchs : 1.
19:48 of 2nd period - Viktor Stalberg wins face-off versus Patrik Berglund in neutral zone.
3rd period
0:01 of 3rd period - Viktor Stalberg wins face-off versus Mikkel Boedker in neutral zone.
0:10 of 3rd period - Penalty to Tom Gilbert is over, Tom Gilbert is back on ice.
0:27 of 3rd period - John Mitchell is hit by Jamie McGinn and loses puck.
1:12 of 3rd period - Slapshot by Jason Chimera.
1:12 of 3rd period - Shot Blocked by Justin Falk.
1:14 of 3rd period - Slapshot by Jarret Stoll.
1:14 of 3rd period - Deflect By Alyn McCauley.
1:14 of 3rd period - Shot Misses the Net.
1:14 of 3rd period - Puck is out of play.
1:15 of 3rd period - Patrik Berglund wins face-off versus John Mitchell in Punishers zone.
1:40 of 3rd period - Tom Gilbert is hit by Jonathan Matsumoto and loses puck.
2:03 of 3rd period - Snap shot by Tanner Glass.
2:03 of 3rd period - Shot Misses the Net.
2:05 of 3rd period - Slapshot by Marc-André Bergeron.
2:05 of 3rd period - Shot Misses the Net.
2:29 of 3rd period - Snap shot by Jason Chimera.
2:29 of 3rd period - Shot Misses the Net.
2:31 of 3rd period - Wrist shot by Jason Chimera.
2:31 of 3rd period - Shot Misses the Net.
2:33 of 3rd period - Snap shot by Jason Chimera.
2:33 of 3rd period - Stopped by Karri Ramo with a rebound.
2:47 of 3rd period - Snap shot by Adam Pineault.
2:47 of 3rd period - Shot Blocked by Travis Hamonic.
2:49 of 3rd period - Wrist shot by Adam Pineault.
2:49 of 3rd period - Deflect By Joe Vitale.
2:49 of 3rd period - Stopped by Michael Leighton without a rebound.
2:49 of 3rd period - Minor Penalty to Michael Haley for Hooking.
2:50 of 3rd period - Alyn McCauley wins face-off versus Maxime Macenauer in Monarchs zone.
3:29 of 3rd period - Slapshot by Marc-André Bergeron.
3:29 of 3rd period - Stopped by Michael Leighton with a rebound.
3:31 of 3rd period - Wrist shot by Chris Conner.
3:31 of 3rd period - Goal by Chris Conner - Punishers : 3 - Monarchs : 1.
3:32 of 3rd period - Patrik Berglund wins face-off versus Alyn McCauley in neutral zone.
3:39 of 3rd period - Snap shot by Jarret Stoll.
3:39 of 3rd period - Stopped by Karri Ramo with a rebound.
3:41 of 3rd period - Slapshot by Jarret Stoll.
3:41 of 3rd period - Deflect By Jason Chimera.
3:41 of 3rd period - Goal by Jason Chimera - Punishers : 3 - Monarchs : 2.
3:42 of 3rd period - Alyn McCauley wins face-off versus Patrik Berglund in neutral zone.
3:45 of 3rd period - Slapshot by Tom Gilbert.
3:45 of 3rd period - Stopped by Michael Leighton with a rebound.
3:59 of 3rd period - Alyn McCauley is hit by Jason Chimera and loses puck.
4:29 of 3rd period - Off-side.
4:30 of 3rd period - Tommy Wingels wins face-off versus Joe Vitale in neutral zone.
5:28 of 3rd period - Jason Chimera is hit by Tanner Glass.
5:39 of 3rd period - Minor Penalty to Nate Prosser for Hooking.
5:40 of 3rd period - Maxime Macenauer wins face-off versus Alyn McCauley in Monarchs zone.
5:55 of 3rd period - Slapshot by Tom Gilbert.
5:55 of 3rd period - Stopped by Michael Leighton with a rebound.
6:05 of 3rd period - Maxime Macenauer is hit by Chris Conner and loses puck.
6:34 of 3rd period - Alyn McCauley is hit by Denis Hamel and loses puck.
7:21 of 3rd period - Kevin Marshall is hit by Alyn McCauley and loses puck.
7:39 of 3rd period - Penalty to Nate Prosser is over, Nate Prosser is back on ice.
7:44 of 3rd period - Jason Chimera is hit by Tanner Glass and loses puck.
8:20 of 3rd period - Carl Hagelin is hit by Kris Chucko and loses puck.
8:49 of 3rd period - Mike Weber is hit by Jonathan Matsumoto and loses puck.
9:25 of 3rd period - Adam Pineault is hit by Maxime Macenauer and loses puck.
9:38 of 3rd period - Slapshot by Tom Gilbert.
9:38 of 3rd period - Deflect By Tanner Glass.
9:38 of 3rd period - Deflect By Mikkel Boedker.
9:38 of 3rd period - Stopped by Michael Leighton without a rebound.
9:39 of 3rd period - Jonathan Matsumoto wins face-off versus Brandon McMillan in Monarchs zone.
10:02 of 3rd period - Tanner Glass is hit by Michael Haley and loses puck.
10:09 of 3rd period - Snap shot by Denis Hamel.
10:09 of 3rd period - Shot Misses the Net.
10:31 of 3rd period - Slapshot by Adam McQuaid.
10:31 of 3rd period - Stopped by Michael Leighton with a rebound.
10:37 of 3rd period - Raphael Diaz is hit by Aaron Palushaj and loses puck.
10:57 of 3rd period - Backhand shot by Viktor Stalberg.
10:57 of 3rd period - Stopped by Michael Leighton with a rebound.
11:13 of 3rd period - Marc-André Bergeron is hit by Jonathan Matsumoto.
13:09 of 3rd period - Adam Pineault is hit by Michael Haley and loses puck.
13:31 of 3rd period - Chris Clark is hit by Mike Grier and loses puck.
14:34 of 3rd period - Denis Hamel is hit by Chris Conner.
14:38 of 3rd period - Wrist shot by Denis Hamel.
14:38 of 3rd period - Shot Misses the Net.
15:33 of 3rd period - Jamie McGinn is hit by Aaron Palushaj and loses puck.
15:54 of 3rd period - Jimmie Olvestad is hit by Tommy Wingels and loses puck.
15:59 of 3rd period - Wrist shot by Michael Haley.
15:59 of 3rd period - Shot Misses the Net.
16:01 of 3rd period - Wrist shot by Tommy Wingels.
16:01 of 3rd period - Stopped by Karri Ramo with a rebound.
16:03 of 3rd period - Slapshot by Tommy Wingels.
16:03 of 3rd period - Shot Misses the Net.
16:07 of 3rd period - Wrist shot by Denis Hamel.
16:07 of 3rd period - Shot Blocked by Jean-Luc Grand-Pierre.
16:37 of 3rd period - Adam Pineault is hit by Jarret Stoll and loses puck.
17:11 of 3rd period - Travis Hamonic is hit by Alyn McCauley and loses puck.
18:30 of 3rd period - Snap shot by Tommy Wingels.
18:30 of 3rd period - Stopped by Karri Ramo with a rebound.
18:32 of 3rd period - Slapshot by Slava Voynov.
18:32 of 3rd period - Deflect By John Mitchell.
18:32 of 3rd period - Stopped by Karri Ramo without a rebound.
18:33 of 3rd period - Jonathan Matsumoto wins face-off versus John Mitchell in Punishers zone.
18:42 of 3rd period - Snap shot by Chris Conner.
18:42 of 3rd period - Shot Misses the Net.
18:44 of 3rd period - Slapshot by Jason Demers.
18:44 of 3rd period - Stopped by Michael Leighton with a rebound.
19:00 of 3rd period - Alyn McCauley is hit by Sean Zimmerman and loses puck.
19:07 of 3rd period - Mikkel Boedker is hit by Chris Conner and loses puck.
19:22 of 3rd period - Slapshot by Chris Conner.
19:22 of 3rd period - Shot Blocked by Raphael Diaz.
19:29 of 3rd period - Wrist shot by Viktor Stalberg.
19:29 of 3rd period - Shot Misses the Net.
19:31 of 3rd period - Wrist shot by Jason Demers.
19:31 of 3rd period - Stopped by Michael Leighton without a rebound.
19:32 of 3rd period - Bruce Boudreau call a timeout for Monarchs .
19:32 of 3rd period - Patrik Berglund wins face-off versus Alyn McCauley in Monarchs zone.
19:32 of 3rd period - Patrik Berglund is hit by Jason Demers.
19:40 of 3rd period - Snap shot by Alyn McCauley.
19:40 of 3rd period - Shot Blocked by Mikkel Boedker.
19:42 of 3rd period - Wrist shot by Tom Gilbert.
19:42 of 3rd period - Shot Blocked by Jarret Stoll.
19:44 of 3rd period - Wrist shot by Jason Demers.
19:44 of 3rd period - Shot Misses the Net.
19:46 of 3rd period - Snap shot by Viktor Stalberg.
19:46 of 3rd period - Deflect By Chris Conner.
19:46 of 3rd period - Stopped by Michael Leighton with a rebound.
19:48 of 3rd period - Snap shot by Tom Gilbert.
19:48 of 3rd period - Deflect By Alyn McCauley.
19:48 of 3rd period - Stopped by Michael Leighton without a rebound.
19:49 of 3rd period - Alyn McCauley wins face-off versus Patrik Berglund in Monarchs zone.
19:56 of 3rd period - Snap shot by Viktor Stalberg.
19:56 of 3rd period - Shot Blocked by Sean Zimmerman.
19:58 of 3rd period - Wrist shot by Chris Conner.
19:58 of 3rd period - Shot Blocked by Patrik Berglund.
Output by the SimonT Hockey Simulator (STHS) for François Prévost -- Original Page W3C XHTML 1.0 Valid